 Dungeon Sprint DCSS version 0.26-a0-1132-ge9770dfcb6 (webtiles) character file.

Game seed: 2480076709192398476

44 mhtbhm the Shield-Bearer (level 3, -1/36 HPs)
             Began as a Minotaur Fighter on Dec 20, 2020.
             Slain by an orc priest (3 damage)
             ... in the Dungeon (Sprint IX: "|||||||||||||||||||||||||||||").
             The game lasted 00:00:14 (105 turns).

mhtbhm the Shield-Bearer (Minotaur Fighter)          Turns: 105, Time: 00:00:15

Health: -1/36      AC:  7    Str: 21    XL:     3   Next: 41%
Magic:  2/2        EV:  8    Int:  5    God:
Gold:   0          SH: 10    Dex:  9    Spells: 2/2 levels left

rFire    . . .     SeeInvis .   a - +0 trident
rCold    . . .     Faith    .   c - +0 kite shield
rNeg     . . .     Spirit   .   b - +0 scale mail
rPois    .         Reflect  .   (helmet restricted)
rElec    .         Harm     .   (no cloak)
rCorr    .         Rampage  .   (no gloves)
Will     .....     NoTele   +   (no boots)
Stlth    ..........             (no amulet)
HPRegen  0.12/turn              (no ring)
MPRegen  0.08/turn              (no ring)

@: no status effects
A: retaliatory headbutt, horns 2
a: no special abilities


You were in the Dungeon.
You visited 1 branch

Inventory:

Hand Weapons
 a - a +0 trident (weapon)
Armour
 b - a +0 scale mail (worn)
 c - a +0 kite shield (worn)
Scrolls
 j - a scroll of blinking
Potions
 d - a potion of might
 f - a potion of heal wounds
 g - a potion of haste
 h - 2 potions of magic
 i - a potion of berserk rage


   Skills:
 + Level 5.6 Fighting
 + Level 3.6 Polearms
 + Level 5.5 Armour
 + Level 5.9 Shields


You had 2 spell levels left.
You didn't know any spells.
Your spell library was empty.

Dungeon Overview and Level Annotations

Branches:
Dungeon (1/1)

Altars:


Innate Abilities, Weirdness & Mutations

You reflexively headbutt those who attack you in melee.
You have a pair of horns on your head.


Message History

You hit the leopard gecko.
The leopard gecko is almost dead.
You block the leopard gecko's attack.
You closely miss the leopard gecko. You headbutt the leopard gecko.
You kill the leopard gecko!
You barely miss the adder skeleton. You headbutt the adder skeleton.
You destroy the adder skeleton!
You hit the orc priest.
The orc priest is moderately wounded.
The orc priest invokes the aid of Beogh against you.
Beogh smites you!
* * * LOW HITPOINT WARNING * * *
You closely miss the orc priest.
The orc priest is moderately wounded.
The orc priest hits you but does no damage.
You barely miss the orc priest. Your headbutt misses the orc priest.
The orc priest is moderately wounded.
The orc priest hits you but does no damage.
The orc priest hits you.
You die... ▓▓▓▓▓▓▓▓▓▓▓▓▓▓▓▓▓▓ +.....o@....†...<▓ ▓▓▓▓▓▓▓▓▓▓▓▓▓▓▓▓▓▓

You could see an orc priest.

Vanquished Creatures
  An orc wizard (D)
  An ufetubus (D)
  An ooze (D)
  An adder skeleton (D)
  A leopard gecko (D)
  A bat (D)
  A giant cockroach (D)
  A ball python (D)
  A kobold (D)
9 creatures vanquished.

Notes
Turn   | Place    | Note
-------+----------+-------------------------------------------
     0 | D        | mhtbhm the Minotaur Fighter began the quest for the Orb.
     0 | D        | Reached XP level 1. HP: 19/19 MP: 0/0
    14 | D        | Reached XP level 2. HP: 22/28 MP: 1/1
    88 | D        | Reached skill level 5 in Fighting
    88 | D        | Reached skill level 5 in Armour
    88 | D        | Reached skill level 5 in Shields
    88 | D        | Reached XP level 3. HP: 34/36 MP: 2/2
   105 | D        | Slain by an orc priest

Illustrated notes

Levels and vault maps discovered:
D:        linesprint [early_d, line_temple, items_1, d_10, items_2, lair_1,
          lair_end, items_3, orc_1, orc_end, items_4, d_15, swamp_1, shoals_1,
          snake_1, spider_1, d_20, vaults_1, items_5, swamp_end, shoals_end,
          snake_end, spider_end, vaults_end, d_27, items_6, zot_1, zot_end,
          crypt_end, forest_end, elf_end, slime_end, tomb_end, abyss_end,
          pan_hell_end]

Skill      XL: |  1  2 |
---------------+-------+-----
Fighting       | 4 5 |  5.6
Armour         | 4 5 |  5.5
Shields        | 4 5 |  5.9
Polearms       | 3 |  3.6

Action                   || total
-------------------------++-------
Melee: Trident           ||    34
       Headbutt          ||     6
  Use: Potion            ||     1
Armor: Scale mail        ||    19
Dodge: Dodged            ||    10
Block: Kite shield       ||    21

Table legend: (Time is in decaauts)
 A = Elapsed time spent in this place.
 B = Non-inter-level travel time spent in this place.
 C = Inter-level travel time spent in this place.
 D = Time resting spent in this place.
 E = Time spent auto-exploring this place.
 F = Levels seen in this place.
 G = Mean time per level.
                   A        B        C        D        E       F      G
               +--------+--------+--------+--------+--------+-----+--------+
         Total |    112 |    112 |      0 |     60 |      3 |   1 |  112.0 |
       Dungeon |    112 |    112 |      0 |     60 |      3 |   1 |  112.0 |
               +--------+--------+--------+--------+--------+-----+--------+

Top non-repeatable levels by time:
       D: 112 daAuts
